 Dungeon Crawl Stone Soup version 0.30.1-4-g462c640d31 (webtiles) character file.

Game seed: 3596709773404588032

732 Fortress the Insei (level 7, 0/57 HPs)
             Began as a Demigod Transmuter on Aug 16, 2023.
             Slain by a killer bee (2 damage)
             ... on level 8 of the Dungeon.
             The game lasted 00:27:45 (3616 turns).

Fortress the Insei (Demigod Transmuter)             Turns: 3616, Time: 00:27:45

Health: 0/57       AC: 12    Str: 11    XL:     7   Next: 21%
Magic:  14/14      EV: 12    Int: 23    God:
Gold:   170        SH:  3    Dex: 14    Spells: 9/12 levels left

rFire   + + .        c - +1 dagger (venom)
rCold   + . .        k - +0 buckler
rNeg    . . .        n - +2 robe {Will+}
rPois   +            f - +2 hat
rElec   +            i - +0 cloak {Stlth+}
rCorr   +            d - +0 pair of gloves
SInv    .            (no boots)
Will    +....        j - amulet of the acrobat
Stlth   ++++         g - +4 ring of protection
HPRegen 0.29/turn    h - ring of protection from fire
MPRegen 0.14/turn

%: acrobat
@: lethally poisoned (0 -> -4), resistant
A: high MP 1, forlorn, divine attributes
a: no special abilities


You were on level 8 of the Dungeon.
You visited 1 branch of the dungeon, and saw 6 of its levels.

You collected 170 gold pieces.

Inventory:

Hand Weapons
 c - a +1 dagger of venom (weapon)
 s - a +0 arbalest
Missiles
 m - 7 poisoned darts
Armour
 d - a +0 pair of gloves (worn)
 f - a +2 hat (worn)
 i - a +0 cloak of stealth (worn)
 k - a +0 buckler (worn)
 n - a +2 robe of willpower (worn)
Magical Staves
 x - the staff of fire "Bucey" {rPois rF+ Str+2}
   (You found it on level 5 of the Dungeon)

   [staff of fire]

   Base accuracy: +5 Base damage: 5 Base attack delay: 1.2 This weapon's minimum
   attack delay (0.6) is reached at skill level 12.
   Str:       It affects your strength (+2).
   rF:        It protects you from fire.
   rPois:     It protects you from poison.
   It falls into the 'Staves' category.
   It is a one-handed weapon.
Jewellery
 g - a +4 ring of protection (left hand)
 h - a ring of protection from fire (right hand)
 j - an amulet of the acrobat (around neck)
Wands
 u - a wand of quicksilver (10)
Scrolls
 e - 3 scrolls of identify
 l - a scroll of poison
 o - 2 scrolls of blinking {unknown}
 q - a scroll of fear {unknown}
 r - a scroll of noise {unknown}
 w - a scroll of teleportation
Potions
 b - 2 potions of lignification
 t - a potion of mutation {unknown}
 v - a potion of attraction {unknown}


   Skills:
 + Level 3.0 Fighting
 - Level 2.5 Dodging
 + Level 4.1 Stealth
 + Level 4.6 Unarmed Combat
 + Level 3.0 Spellcasting
 * Level 2.7 Transmutations


You had 9 spell levels left.
You knew the following spells:

 Your Spells              Type           Power      Damage    Failure   Level
a - Beastly Appendage     Tmut           32%        N/A       5%          1
b - Wereblood             Tmut           16%        N/A       9%          2

Your spell library contained the following spells:

 Spells                   Type           Power      Damage    Failure   Level
 Spider Form              Tmut/Pois      9%         N/A       28%         3
 Ozocubu's Armour         Ice            3%         N/A       45%         3
 Ice Form                 Ice/Tmut       9%         N/A       67%         4
 Metabolic Englaciation   Hex/Ice        1%         N/A       99%         5
 Simulacrum               Ice/Necr       1%         N/A       100%        6


Dungeon Overview and Level Annotations

Branches:
Dungeon (5/15)
 Temple: D:4-7

Portals:
Ossuary: D:5


Innate Abilities, Weirdness & Mutations

You have an increased reservoir of magic. (+10% MP)
You shall have no god before yourself.
Your divine heritage dramatically boosts your attributes as you level up.


Message History

You hit the killer bee but do no damage.
The killer bee looks as sick as possible!
The killer bee is severely wounded.
You feel sick.
You kill the killer bee!
The killer bee barely misses you.
You miss the killer bee.
The killer bee is lightly wounded.
You feel sick. You block the killer bee's attack.
The killer bee barely misses you.
You hit the killer bee but do no damage.
The killer bee is poisoned.
The killer bee is lightly wounded.
You feel sick. The killer bee stings you.
* * * LOW HITPOINT WARNING * * *
The killer bee closely misses you. The killer bee stings you!
* * * LOW HITPOINT WARNING * * *
You feel better. The killer bee stings you.
* * * LOW HITPOINT WARNING * * *
You are lethally poisoned!
The killer bee poisons you!
The killer bee stings you but does no damage.
You hit the killer bee but do no damage.
The killer bee looks as sick as possible!
The killer bee is moderately wounded.
* * * LOW HITPOINT WARNING * * *
You feel very sick. You block the killer bee's attack.
The killer bee closely misses you.
You closely miss the killer bee.
The killer bee is heavily wounded.
* * * LOW HITPOINT WARNING * * *
You feel sick.
You kill the killer bee!
You block the killer bee's attack.
Your Fighting skill increases to level 3!
It was a potion of resistance.
You feel protected.
* * * LOW HITPOINT WARNING * * *
You feel sick. The killer bee stings you.
You die...

#.#.# # #.#.##### #.#.#
#. #........ #.#.#
#.##.....## #.#.#
#.........#
#.#.######.......###
#.#........#........
#.########....##.###
#.#y#########...##...
#..yy@................
#..###########.........
#.# ########.# #.. #.
... # ... ###


You could see 3 killer bees.

Vanquished Creatures
  A black bear (D:4)
  A scorpion (D:4)
  3 killer bees (D:8)
  2 hounds
  2 orc priests (D:4)
  2 orc wizards (D:4)
  5 iguanas (D:4)
  A sleepcap (D:4)
  6 adders
  An ufetubus (D:4)
  3 worms (D:2)
  A dart slug (D:1)
  2 orcs
  5 endoplasms
  2 giant cockroaches
  7 goblins
  5 hobgoblins
  4 quokkas
  7 ball pythons
  9 bats
  5 frilled lizards
  7 kobolds
  5 rats
86 creatures vanquished.

Notes
Turn   | Place    | Note
-------+----------+-------------------------------------------
     0 | D:1      | Fortress the Demigod Transmuter began the quest for the
                  | Orb.
     0 | D:1      | Reached XP level 1. HP: 15/15 MP: 5/5
   351 | D:1      | Reached skill level 1 in Fighting
   645 | D:1      | Reached XP level 2. HP: 23/23 MP: 7/7
   963 | D:2      | Reached XP level 3. HP: 26/28 MP: 8/8
  1687 | D:3      | Reached XP level 4. HP: 35/35 MP: 10/10
  2276 | D:4      | Learned a level 2 spell: Wereblood
  2285 | D:4      | Noticed a black bear
  2325 | D:4      | Reached skill level 1 in Stealth
  2403 | D:4      | Reached XP level 5. HP: 18/40 MP: 11/11
  2620 | D:4      | Reached XP level 6. HP: 27/48 MP: 13/13
  3399 | D:5      | Entered Level 5 of the Dungeon
  3408 | D:5      | Identified the staff of fire "Bucey" {rPois rF+ Str+2}
  3412 | D:5      | Noticed a water moccasin
  3538 | D:5      | Found a sand-covered staircase.
  3549 | D:5      | You fall into a shaft and drop 3 floors!
  3607 | D:8      | Reached XP level 7. HP: 32/56 MP: 14/14
  3616 | D:8      | HP: 2/57 [poisoned by a killer bee]
  3616 | D:8      | Slain by a killer bee

Illustrated notes

Levels and vault maps discovered:
D:1:      spicycebolla_green_bress_n_ham_2, layout_basic, minmay_statues_item,
          chequers_serial_rivers_small_b
D:2:      layout_basic, fountainhead
D:3:      layout_loops_ring
D:4:      minmay_evil_eye, layout_basic, serial_bayou, serial_bayou_lagoon_a,
          serial_bayou_shore_b, serial_bayou_pond_b, serial_bayou_pond_d
D:5:      layout_rooms, nicolae_gozag_zags_fifth_avenue,
          minmay_temple_entry_wispy, nicolae_ossuary_entry_ruins
D:8:      layout_loops_ring, nicolae_ru_sacrificial_ziggurat,
          biasface_ghost_orc_armoury, hangedman_decor_peaks_small, hex_large

Skill      XL: |  1  2  3  4  5  6  7 |
---------------+----------------------+-----
Fighting       | 1 2 3 |  3.0
Spellcasting   | 2 3 |  3.0
Unarmed Combat | 3 4 |  4.6
Dodging        | 2 |  2.5
Transmutations | 2 |  2.7
Stealth        | 2 3 4 |  4.1

Action                     |  1- 3 |  4- 6 |  7- 9 || total
---------------------------+-------+-------+-------++-------
  Melee: Dagger            |   113 |   194 |     8 ||   315
         Punch             |     1 |       |       ||     1
         Kick              |       |     6 |       ||     6
         Headbutt          |       |     2 |       ||     2
  Throw: Dart              |       |    10 |       ||    10
   Cast: Beastly Appendage |       |     2 |       ||     2
  Evoke: Wand              |       |     3 |       ||     3
    Use: Scroll            |     7 |     1 |       ||     8
         Potion            |       |     2 |     2 ||     4
   Stab: Sleeping          |     8 |    10 |       ||    18
 Armour: Ring mail         |    21 |       |       ||    21
         Robe              |    20 |    85 |     4 ||   109
  Dodge: Dodged            |    54 |   113 |     6 ||   173
  Block: Buckler           |     3 |    28 |     3 ||    34
